TOP OF THE 1ST |
Penn State Nittany Lions batting - Pitching for Rutgers Scarlet Knights : RHP Miguel Durán
|
Pitching: RHP Miguel Durán
|
|
Batting: RHB Kip Murphy
|
0-0: Ball 1-0: Called Strike 1-1: Foul Ball, location: 2F 1-2: Strikes out swinging
|
Batting: LHB Bryan Peña
|
0-0: Ball 1-0: Swinging Strike 1-1: Ball 2-1: Foul Ball, location: 2F 2-2: Fly out, F5 (Popup, 56S)
|
Batting: LHB Gary Lynn
|
0-0: Ball 1-0: Called Strike 1-1: Foul Ball, location: 2F 1-2: Ball 2-2: Foul Ball, location: 2F 2-2: Strikes out swinging
|
Top of the 1st over - 0 run(s), 0 hit(s), 0 error(s), 0 left on base; Penn State 0 - Rutgers 0 |
BOTTOM OF THE 1ST |
Rutgers Scarlet Knights batting - Pitching for Penn State Nittany Lions : RHP José Hernández
|
Pitching: RHP José Hernández
|
|
Batting: LHB Dave Watkins
|
0-0: Ball 1-0: Called Strike 1-1: Ball 2-1: Swinging Strike 2-2: Ball 3-2: Base on Balls
|
Batting: RHB Joe Roberts
|
0-0: Called Strike 0-1: Ball 1-1: Called Strike 1-2: Ball 2-2: Ball 3-2: DOUBLE (Line Drive, 89D) Dave Watkins to third
|
Batting: SHB Woody Stanley
|
Balk! Dave Watkins scores Joe Roberts to third 0-0: Called Strike 0-1: Foul Ball, location: 2F 0-2: Ball 1-2: Foul Ball, location: 2F 1-2: Ball 2-2: Ground out 6-3 (Groundball, 6) Joe Roberts scores
|
Batting: LHB Carlos Hernández
|
0-0: Swinging Strike 0-1: Called Strike 0-2: Ball 1-2: Strikes out swinging, 2-3 out at first.
|
Batting: RHB Chris Barker
|
0-0: Ball 1-0: Swinging Strike 1-1: SOLO HOME RUN (Flyball, 78XD), Distance : 363 ft
|
Batting: LHB Zander Rutherford
|
0-0: Ball 1-0: Ball 2-0: Ball 3-0: Base on Balls
|
Batting: RHB Eric Green
|
0-0: Called Strike 0-1: Called Strike 0-2: Ball 1-2: Foul Ball, location: 2F 1-2: Strikes out swinging
|
Bottom of the 1st over - 3 run(s), 2 hit(s), 0 error(s), 1 left on base; Penn State 0 - Rutgers 3 |
TOP OF THE 2ND |
Penn State Nittany Lions batting - Pitching for Rutgers Scarlet Knights : RHP Miguel Durán
|
Batting: RHB Larry Crawford
|
0-0: Foul Ball, location: 2F 0-1: Ball 1-1: Called Strike 1-2: Ball 2-2: Ball 3-2: Base on Balls
|
Batting: LHB Ángel Santos
|
0-0: Called Strike 0-1: Foul Ball, location: 2F 0-2: Ball 1-2: Foul Ball, location: 2F 1-2: Foul Ball, location: 2F 1-2: Strikes out swinging
|
Batting: RHB Mike Caldwell
|
0-0: Called Strike 0-1: Ball 1-1: Swinging Strike 1-2: Strikes out swinging
|
Batting: RHB Ron Hale
|
0-0: Ball 1-0: Ball 2-0: Foul Ball, location: 2F 2-1: Fly out, F5 (Line Drive, 5S)
|
Top of the 2nd over - 0 run(s), 0 hit(s), 0 error(s), 1 left on base; Penn State 0 - Rutgers 3 |
BOTTOM OF THE 2ND |
Rutgers Scarlet Knights batting - Pitching for Penn State Nittany Lions : RHP José Hernández
|
Batting: RHB Norm Gunn
|
0-0: Ball 1-0: Called Strike 1-1: Foul Ball, location: 2F 1-2: Strikes out looking
|
Batting: RHB Jesús León
|
0-0: Foul Ball, location: 2F 0-1: Swinging Strike 0-2: Strikes out swinging, 2-3 out at first.
|
Batting: LHB Dave Watkins
|
0-0: Fly out, F8 (Flyball, 8LM)
|
Bottom of the 2nd over - 0 run(s), 0 hit(s), 0 error(s), 0 left on base; Penn State 0 - Rutgers 3 |
TOP OF THE 3RD |
Penn State Nittany Lions batting - Pitching for Rutgers Scarlet Knights : RHP Miguel Durán
|
Batting: LHB James Macías
|
0-0: Ball 1-0: Foul Ball, location: 2F 1-1: Called Strike 1-2: Ball 2-2: Ball 3-2: Foul Ball, location: 2F 3-2: Strikes out swinging
|
Batting: LHB Hugh Hale
|
0-0: SINGLE (Groundball, 34) (infield hit)
|
Batting: RHB Kip Murphy
|
0-0: Foul Ball, location: 2F 0-1: Called Strike 0-2: Strikes out swinging
|
Batting: LHB Bryan Peña
|
0-0: Swinging Strike 0-1: Ball 1-1: Ball 2-1: Swinging Strike 2-2: Ball 3-2: Strikes out looking
|
Top of the 3rd over - 0 run(s), 1 hit(s), 0 error(s), 1 left on base; Penn State 0 - Rutgers 3 |
BOTTOM OF THE 3RD |
Rutgers Scarlet Knights batting - Pitching for Penn State Nittany Lions : RHP José Hernández
|
Batting: RHB Joe Roberts
|
0-0: Ball 1-0: Ground out 5-3 (Groundball, 5L)
|
Batting: SHB Woody Stanley
|
0-0: Ball 1-0: Foul Ball, location: 2F 1-1: Foul Ball, location: 2F 1-2: Ball 2-2: Ground out 5-3 (Groundball, 56)
|
Batting: LHB Carlos Hernández
|
0-0: Fly out, F5 (Popup, 5S)
|
Bottom of the 3rd over - 0 run(s), 0 hit(s), 0 error(s), 0 left on base; Penn State 0 - Rutgers 3 |
TOP OF THE 4TH |
Penn State Nittany Lions batting - Pitching for Rutgers Scarlet Knights : RHP Miguel Durán
|
Batting: LHB Gary Lynn
|
0-0: Swinging Strike 0-1: Ball 1-1: Swinging Strike 1-2: Ball 2-2: Strikes out swinging
|
Batting: RHB Larry Crawford
|
0-0: Called Strike 0-1: Swinging Strike 0-2: Foul Ball, location: 2F 0-2: Strikes out swinging
|
Batting: LHB Ángel Santos
|
0-0: Fly out, F2 (Popup, 5S)
|
Top of the 4th over - 0 run(s), 0 hit(s), 0 error(s), 0 left on base; Penn State 0 - Rutgers 3 |
BOTTOM OF THE 4TH |
Rutgers Scarlet Knights batting - Pitching for Penn State Nittany Lions : RHP José Hernández
|
Batting: RHB Chris Barker
|
0-0: Called Strike 0-1: Foul Ball, location: 2F 0-2: Strikes out swinging
|
Batting: LHB Zander Rutherford
|
0-0: Ball 1-0: Ball 2-0: Ball 3-0: Base on Balls
|
Batting: RHB Eric Green
|
0-0: Ball 1-0: Ball 2-0: Ball 3-0: Base on Balls Zander Rutherford to second
|
Batting: RHB Norm Gunn
|
0-0: Fly out, F6 (Line Drive, 6)
|
Batting: RHB Jesús León
|
0-0: Swinging Strike 0-1: Ball 1-1: Foul Ball, location: 2F 1-2: Foul Ball, location: 2F 1-2: Strikes out looking
|
Bottom of the 4th over - 0 run(s), 0 hit(s), 0 error(s), 2 left on base; Penn State 0 - Rutgers 3 |
TOP OF THE 5TH |
Penn State Nittany Lions batting - Pitching for Rutgers Scarlet Knights : RHP Miguel Durán
|
Batting: RHB Mike Caldwell
|
0-0: Ball 1-0: Fly out, F6 (Line Drive, 56)
|
Batting: RHB Ron Hale
|
0-0: Reached on error, E4 (Groundball, 4M)
|
Batting: LHB James Macías
|
0-0: Ball 1-0: Called Strike 1-1: Foul Ball, location: 2F 1-2: SINGLE (Groundball, 4D) Ron Hale to second Runner from 2nd tries for 3rd, SAFE, no throw
|
Batting: LHB Hugh Hale
|
0-0: Called Strike 0-1: Swinging Strike 0-2: Ball 1-2: Foul Ball, location: 2F 1-2: Strikes out swinging James Macías steals 2nd base Batter strikes out.
|
Batting: RHB Kip Murphy
|
0-0: Ball 1-0: Foul Ball, location: 2F 1-1: Foul Ball, location: 2F 1-2: Strikes out looking
|
Top of the 5th over - 0 run(s), 1 hit(s), 1 error(s), 2 left on base; Penn State 0 - Rutgers 3 |
BOTTOM OF THE 5TH |
Rutgers Scarlet Knights batting - Pitching for Penn State Nittany Lions : RHP José Hernández
|
Batting: LHB Dave Watkins
|
0-0: Called Strike 0-1: Swinging Strike 0-2: Ball 1-2: Fly out, F9 (Flyball, 9S)
|
Batting: RHB Joe Roberts
|
0-0: Ball 1-0: Ball 2-0: SINGLE (Line Drive, 89M)
|
Batting: SHB Woody Stanley
|
0-0: Swinging Strike 0-1: Swinging Strike 0-2: Foul Ball, location: 2F 0-2: Strikes out swinging
|
Batting: LHB Carlos Hernández
|
0-0: Ball 1-0: Foul Ball, location: 2F 1-1: Fly out, F8 (Line Drive, 8LM)
|
Bottom of the 5th over - 0 run(s), 1 hit(s), 0 error(s), 1 left on base; Penn State 0 - Rutgers 3 |
TOP OF THE 6TH |
Penn State Nittany Lions batting - Pitching for Rutgers Scarlet Knights : RHP Miguel Durán
|
Batting: LHB Bryan Peña
|
0-0: Called Strike 0-1: Foul Ball, location: 2F 0-2: Ball 1-2: Ball 2-2: Ball 3-2: Foul Ball, location: 2F 3-2: Strikes out swinging
|
Pitching: RHP John Rutherford
|
|
Batting: LHB Gary Lynn
|
0-0: Ball 1-0: Ball 2-0: Ball 3-0: Base on Balls
|
Batting: RHB Larry Crawford
|
0-0: Reached on error, E8 (Flyball, 8RM) Gary Lynn to second
|
Batting: LHB Ángel Santos
|
0-0: SINGLE (Groundball, 34D) Gary Lynn to third Larry Crawford to second Runner from 3rd tries for Home, throw and OUT!
|
Batting: RHB Mike Caldwell
|
0-0: Foul Ball, location: 2F 0-1: Ball 1-1: SINGLE (Groundball, 4) (infield hit) Larry Crawford to third Ángel Santos to second
|
Batting: RHB Ron Hale
|
0-0: Hit by Pitch Larry Crawford scores Ángel Santos to third Mike Caldwell to second
|
Batting: LHB James Macías
|
0-0: Ball 1-0: Foul Ball, location: 2F 1-1: SINGLE (Groundball, 4MD) Ángel Santos scores Mike Caldwell to third Ron Hale to second Runner from 3rd tries for Home, SAFE, no throw
|
Pitching: RHP Bob Hall
|
|
Batting: LHB Hugh Hale
|
0-0: Ball 1-0: Called Strike 1-1: Foul Ball, location: 2F 1-2: Strikes out swinging
|
Top of the 6th over - 3 run(s), 3 hit(s), 1 error(s), 2 left on base; Penn State 3 - Rutgers 3 |
BOTTOM OF THE 6TH |
Rutgers Scarlet Knights batting - Pitching for Penn State Nittany Lions : RHP José Hernández
|
Pitching: LHP Júlio Bustamante
|
|
Batting: RHB Chris Barker
|
0-0: Foul Ball, location: 2F 0-1: Called Strike 0-2: Ball 1-2: Foul Ball, location: 2F 1-2: Foul Ball, location: 2F 1-2: Strikes out swinging
|
Batting: LHB Zander Rutherford
|
0-0: Ball 1-0: Ball 2-0: Ball 3-0: Called Strike 3-1: Base on Balls
|
Batting: RHB Eric Green
|
0-0: Ball 1-0: Ball 2-0: Ball 3-0: Base on Balls Zander Rutherford to second
|
Batting: RHB Norm Gunn
|
0-0: Ball 1-0: Ball 2-0: Foul Ball, location: 2F 2-1: Foul Ball, location: 2F 2-2: DOUBLE (Line Drive, 7LM) Zander Rutherford scores Eric Green to third
|
Batting: RHB Jesús León
|
0-0: Ball 1-0: Ball 2-0: Ball 3-0: Base on Balls
|
Batting: LHB Dave Watkins
|
0-0: Called Strike 0-1: Called Strike 0-2: Ball 1-2: Strikes out swinging
|
Batting: RHB Joe Roberts
|
0-0: Called Strike 0-1: Foul Ball, location: 2F 0-2: Ball 1-2: Ball 2-2: Fly out, F4 (Popup, 4MD)
|
Bottom of the 6th over - 1 run(s), 1 hit(s), 0 error(s), 3 left on base; Penn State 3 - Rutgers 4 |
TOP OF THE 7TH |
Penn State Nittany Lions batting - Pitching for Rutgers Scarlet Knights : RHP Bob Hall
|
Batting: RHB Kip Murphy
|
0-0: Foul Ball, location: 2F 0-1: Ball 1-1: DOUBLE (Line Drive, 7LM)
|
Batting: LHB Bryan Peña
|
0-0: Ball 1-0: Called Strike 1-1: Swinging Strike 1-2: Ball 2-2: Ball 3-2: Base on Balls
|
Batting: LHB Gary Lynn
|
0-0: SINGLE (Line Drive, 6D) Kip Murphy to third Bryan Peña to second
|
Batting: RHB Larry Crawford
|
0-0: Ball 1-0: Ball 2-0: Ball 3-0: Called Strike 3-1: Called Strike 3-2: Foul Ball, location: 2F 3-2: Foul Ball, location: 2F 3-2: Grounds into fielders choice 1-2 (Groundball, 13S) Bryan Peña to third Gary Lynn to second
|
Batting: LHB Ángel Santos
|
0-0: Hit by Pitch Bryan Peña scores Gary Lynn to third Larry Crawford to second
|
Batting: RHB Mike Caldwell
|
0-0: Ball 1-0: SINGLE (Groundball, 34D) Gary Lynn scores Larry Crawford to third Ángel Santos to second Runner from 3rd tries for Home, SAFE, throw made home
|
Pitching: LHP Nick O'Slattery
|
|
Batting: RHB Ron Hale
|
0-0: Ball 1-0: Ball 2-0: Foul Ball, location: 2F 2-1: Ball 3-1: Base on Balls Ángel Santos to third Mike Caldwell to second
|
Batting: LHB James Macías
|
0-0: Called Strike 0-1: Ball 1-1: Ball 2-1: Swinging Strike 2-2: Foul Ball, location: 2F 2-2: Strikes out looking
|
Batting: LHB Hugh Hale
|
0-0: Called Strike 0-1: Foul Ball, location: 2F 0-2: Ball Wild Pitch! Ángel Santos scores Mike Caldwell to third Ron Hale to second 1-2: Foul Ball, location: 2F 1-2: Ball 2-2: Strikes out swinging
|
Top of the 7th over - 4 run(s), 3 hit(s), 0 error(s), 2 left on base; Penn State 7 - Rutgers 4 |
BOTTOM OF THE 7TH |
Rutgers Scarlet Knights batting - Pitching for Penn State Nittany Lions : LHP Júlio Bustamante
|
Batting: SHB Woody Stanley
|
0-0: Foul Ball, location: 2F 0-1: Foul Ball, location: 2F 0-2: Ball 1-2: Foul Ball, location: 2F 1-2: SINGLE (Groundball, 56S) (infield hit)
|
Batting: LHB Carlos Hernández
|
0-0: Ball 1-0: Ball Woody Stanley steals 2nd base 2-0: Foul Ball, location: 2F 2-1: Called Strike 2-2: SINGLE (Flyball, 7S) Woody Stanley to third
|
Pitching: RHP Travis Weston
|
|
Batting: RHB Chris Barker
|
0-0: Ball 1-0: 3-RUN HOME RUN (Flyball, 8LXD), Distance : 387 ft
|
Batting: LHB Zander Rutherford
|
0-0: SINGLE (Groundball, 56D)
|
Batting: RHB Eric Green
|
0-0: Bunted foul 0-1: Bunted foul 0-2: Ball 1-2: Ball 2-2: 2-RUN HOME RUN (Flyball, 78XD), Distance : 372 ft
|
Batting: RHB Norm Gunn
|
0-0: Ball 1-0: Ball 2-0: Called Strike 2-1: Foul Ball, location: 2F 2-2: Foul Ball, location: 2F 2-2: Ball 3-2: Base on Balls
|
Batting: RHB Jesús León
|
0-0: Sac Bunt - play at first, batter OUT! 5-3 Norm Gunn to second
|
Batting: LHB Dave Watkins
|
0-0: Called Strike 0-1: Swinging Strike 0-2: Ball 1-2: Ball 2-2: Strikes out swinging
|
Batting: RHB Joe Roberts
|
0-0: Called Strike 0-1: Ball 1-1: Ball 2-1: Ball 3-1: Base on Balls
|
Pitching: LHP Ryan Roach
|
|
Batting: SHB Woody Stanley
|
0-0: Ball 1-0: Called Strike 1-1: Foul Ball, location: 2F 1-2: Fielders Choice at 2nd, 4-6 (Groundball, 4)
|
Bottom of the 7th over - 5 run(s), 5 hit(s), 0 error(s), 1 left on base; Penn State 7 - Rutgers 9 |
TOP OF THE 8TH |
Penn State Nittany Lions batting - Pitching for Rutgers Scarlet Knights : LHP Nick O'Slattery
|
Batting: RHB Kip Murphy
|
0-0: Called Strike 0-1: Called Strike 0-2: Strikes out swinging
|
Batting: LHB Bryan Peña
|
0-0: Ball 1-0: Called Strike 1-1: Ball 2-1: SINGLE (Line Drive, 34)
|
Batting: LHB Gary Lynn
|
0-0: Ball 1-0: Ball 2-0: Called Strike 2-1: Foul Ball, location: 2F 2-2: Foul Ball, location: 2F 2-2: Fly out, F9 (Flyball, 9)
|
Pitching: RHP Mark Bullard
|
|
Batting: RHB Larry Crawford
|
0-0: Called Strike 0-1: Ball 1-1: Ball 2-1: Ball 3-1: Called Strike 3-2: Strikes out swinging
|
Top of the 8th over - 0 run(s), 1 hit(s), 0 error(s), 1 left on base; Penn State 7 - Rutgers 9 |
BOTTOM OF THE 8TH |
Rutgers Scarlet Knights batting - Pitching for Penn State Nittany Lions : LHP Ryan Roach
|
Batting: LHB Carlos Hernández
|
0-0: Ball 1-0: Called Strike 1-1: DOUBLE (Line Drive, 7LM)
|
Batting: RHB Chris Barker
|
0-0: Intentional Walk
|
Pitching: LHP Rick Johnson
|
|
Batting: LHB Zander Rutherford
|
0-0: Bunted foul 0-1: Bunted foul 0-2: Foul Ball, location: 2F 0-2: Ball 1-2: Fly out, F3 (Popup, 3L)
|
Batting: RHB Eric Green
|
0-0: Ball 1-0: Ball 2-0: Called Strike 2-1: Fly out, F7 (Line Drive, 7)
|
Pinch Hitting: RHB Bill Shaffer
|
0-0: Foul Ball, location: 2F 0-1: Called Strike 0-2: Foul Ball, location: 2F 0-2: Ball 1-2: Foul Ball, location: 2F 1-2: Foul Ball, location: 2F 1-2: Ball 2-2: Ball 3-2: Foul Ball, location: 2F 3-2: Base on Balls Carlos Hernández to third Chris Barker to second
|
Batting: RHB Jesús León
|
0-0: SINGLE (Groundball, 56D) Carlos Hernández scores Chris Barker to third Bill Shaffer to second Runner from 3rd tries for Home, SAFE, no throw
|
Batting: LHB Dave Watkins
|
0-0: Ball 1-0: Foul Ball, location: 2F 1-1: Called Strike 1-2: Ball 2-2: Ball 3-2: Base on Balls Bill Shaffer to third Jesús León to second
|
Batting: RHB Joe Roberts
|
0-0: Called Strike 0-1: Swinging Strike 0-2: Foul Ball, location: 2F 0-2: Fly out, F8 (Flyball, 8RM)
|
Bottom of the 8th over - 2 run(s), 2 hit(s), 0 error(s), 3 left on base; Penn State 7 - Rutgers 11 |
TOP OF THE 9TH |
Penn State Nittany Lions batting - Pitching for Rutgers Scarlet Knights : RHP Mark Bullard
|
Pitching: RHP Jim Harden
|
|
Now at 1B: Bill Shaffer
|
|
Batting: LHB Ángel Santos
|
0-0: Fly out, F9 (Flyball, 89S)
|
Batting: RHB Mike Caldwell
|
0-0: Ground out 1-3 (Groundball, 13S)
|
Batting: RHB Ron Hale
|
0-0: Foul Ball, location: 2F 0-1: Foul Ball, location: 2F 0-2: Foul Ball, location: 2F 0-2: Foul Ball, location: 2F 0-2: Strikes out looking
|
Top of the 9th over - 0 run(s), 0 hit(s), 0 error(s), 0 left on base; Penn State 7 - Rutgers 11 |
|